cohdb
Replays
Latest Replays
All Replays
Popular Replays
Top Player Replays
Match Explorer
How It Works
Community
CoH3 Stats
Reddit
Sign in to upload your games and track your stats! →
Sign in with Steam
Match 44154288
Unlisted
Match 44154288
Overview
Messages
Build Orders
End
Construct Infanterie Kompanie
Selects Mechanized Battlegroup
MG 42 Machine Gun Team
MG 42 Machine Gun Team
GrW 34 Mortar Team
Construct Panzergrenadier Kompanie
Pak 40 Anti-tank Gun Team
Panzergrenadier Squad
Selects Raid Package
Panzergrenadier Squad
Construct Panzer Kompanie
Medical Station
Selects StuG Assault Group
Selects UNKNOWN (2160084)
Panther Heavy Tank
Panther Heavy Tank
Selects Spotting Scopes
Selects Stoßtruppen Assault Package
King Raptor
SHELDONATOR
Orkansiyus
pie
tobyteng
猪是念来过倒
Tom
Carpenter
0
0
Comments
sign in to comment!
No comments posted yet!